 Dungeon Crawl Stone Soup version 0.20.0-10-g0535bb4 (webtiles) character file.

106442 Inarius the Thaumaturge (level 15, -23/96 HPs)
             Began as a Grey Draconian Air Elementalist on June 6, 2017.
             Was a High Priest of Hepliaklqana.
             Killed from afar by a fire giant (38 damage)
             ... with a bolt of fire
             ... on level 12 of the Dungeon.
             The game lasted 03:49:01 (43857 turns).

Inarius the Thaumaturge (DrAE)                     Turns: 43857, Time: 03:49:01

Health: -23/96     AC: 25    Str: 22    XL:     15   Next: 97%
Magic:  31/41      EV: 15    Int: 22    God:    Hepliaklqana [*****.]
Gold:   1928       SH: 10    Dex:  9    Spells: 10/40 levels left

rFire    . . .     SeeInvis +   z - staff of air
rCold    . . .     Gourm    +   R - +6 buckler of Odul {rCorr Str+6 Dex-5 SInv}
rNeg     + + +     Faith    .   (armour unavailable)
rPois    .         Spirit   .   C - +2 hat
rElec    +         Reflect  .   M - +0 cloak {MR+}
rCorr    +         Harm     .   s - +0 pair of gloves
MR       ++...                  w - +1 pair of boots of Lethargy {*Drain +Inv rN+++ Str+4}
Stlth    +++.......             F - amulet of the gourmand
Regen    0.3/turn               H - +4 ring of protection
MPRegen  0.3/turn               D - ring of magical power

@: no status effects
A: walk through water, unfitting armour, reduced essence, camouflage 1, see
invisible, agile 1, clever 1, shaggy fur 1, unbreathing, cold-blooded, AC +14
a: Recall Ancestor, Ancestor Identity, Transference, Idealise, Renounce
Religion, Evoke Invisibility


You were on level 12 of the Dungeon.
You worshipped Hepliaklqana.
Hepliaklqana was extremely pleased with you.
You were very full.

You visited 3 branches of the dungeon, and saw 20 of its levels.
You also visited: Labyrinth and Sewer.

You collected 2509 gold pieces.
You spent 581 gold pieces at shops.

Inventory:

Hand Weapons
 a - the +10 long sword of Indomitability {slice, *Slow rPois MP+9 Int+5}
   (You found it on level 6 of the Lair of Beasts)

   It inflicts extra damage upon your enemies.
   It affects your intelligence (+5).
   It protects you from poison.
   It affects your magic capacity (+9).
   It may slow you when you take damage.
 t - a +0 dagger of distortion
Armour
 s - a +0 pair of gloves (worn)
 w - the +1 pair of boots of Lethargy (worn) {*Drain +Inv rN+++ Str+4}
   (You found it in a labyrinth)

   It affects your strength (+4).
   It renders you almost immune to negative energy.
   It lets you turn invisible.
   It causes draining when unequipped.
 C - a +2 hat (worn)
 G - a scarf of repulsion
 M - a +0 cloak of magic resistance (worn)
 R - the +6 buckler of Odul (worn) {rCorr Str+6 Dex-5 SInv}
   (You bought it in a shop on level 2 of the Orcish Mines)

   It affects your strength (+6).
   It affects your dexterity (-5).
   It lets you see invisible.
   It protects you from acid and corrosion.
Magical Staves
 b - an uncursed staff of energy
 z - an uncursed staff of air (weapon)
Jewellery
 j - an uncursed ring of poison resistance
 m - an uncursed amulet of regeneration
 y - a +6 ring of dexterity
 D - a ring of magical power (right hand)
 F - an amulet of the gourmand (around neck)
 H - a +4 ring of protection (left hand)
Wands
 c - a wand of paralysis (17/24)
 e - a wand of iceblast (6/15)
 J - a wand of digging (8/24)
 V - a wand of polymorph (11/24)
 W - a wand of flame (24/48)
 Z - a wand of polymorph (18/24)
Scrolls
 g - 2 scrolls of recharging
 h - a scroll of enchant weapon
 r - 2 scrolls of fog
 u - a scroll of magic mapping
 v - 4 scrolls of remove curse
 B - 2 scrolls of amnesia
 Q - a scroll of holy word
 Y - a scroll of summoning
Potions
 f - 5 potions of agility
 n - 2 potions of flight
 o - 2 potions of brilliance
 p - 4 potions of curing
 q - 3 potions of lignification
 L - 3 potions of magic
 O - a potion of cancellation
 U - a potion of berserk rage
Books
 k - Sif Muna's Almanac of Harmful Envenoming
   (You found it on level 6 of the Lair of Beasts)

   Spells                             Type                      Level
   a - Throw Flame                    Conjuration/Fire             2
   b - Dazzling Spray                 Conjuration/Hexes            3
   c - Mephitic Cloud                 Conjuration/Poison/Air       3
   d - Throw Icicle                   Conjuration/Ice              4
   e - Venom Bolt                     Conjuration/Poison           5
   f - Conjure Ball Lightning         Conjuration/Air              6
   g - Spellforged Servitor           Conjuration/Summoning        7
 x - the Tome of Transmigration
   (You found it on level 6 of the Dungeon)

   Spells                             Type                      Level
   a - Beastly Appendage              Transmutation                1
   b - Sticks to Snakes               Transmutation                2
   c - Irradiate                      Conjuration/Transmutation    5
   d - Statue Form                    Transmutation/Earth          6
   e - Hydra Form                     Transmutation                6
 E - a book of Frost

   Spells                             Type                      Level
   a - Freeze                         Ice                          1
   b - Throw Frost                    Conjuration/Ice              2
   c - Ozocubu's Armour               Charms/Ice                   3
   d - Throw Icicle                   Conjuration/Ice              4
   e - Summon Ice Beast               Ice/Summoning                4
 I - a book of Spatial Translocations

   Spells                             Type                      Level
   a - Blink                          Translocation                2
   b - Shroud of Golubria             Charms/Translocation         2
   c - Lesser Beckoning               Translocation                3
   d - Gell's Gravitas                Translocation                3
   e - Teleport Other                 Translocation                3
   f - Passage of Golubria            Translocation                4
 T - a book of Air

   Spells                             Type                      Level
   a - Shock                          Conjuration/Air              1
   b - Swiftness                      Charms/Air                   2
   c - Static Discharge               Conjuration/Air              3
   d - Airstrike                      Air                          4
   e - Lightning Bolt                 Conjuration/Air              5
Miscellaneous
 K - a phial of floods
 N - a fan of gales
 X - a box of beasts
Comestibles
 i - a fruit
 l - 5 meat rations
 A - 8 royal jellies
 S - 9 bread rations


   Skills:
 + Level 3.4 Fighting
 - Level 1.1 Short Blades
 * Level 7.0 Dodging
 - Level 1.8 Stealth
 - Level 4.4 Shields
 + Level 13.3 Spellcasting
 * Level 12.2 Conjurations
 * Level 8.2 Charms
 * Level 8.6 Ice Magic
 + Level 11.6 Air Magic
 - Level 10.0 Invocations


You had 10 spell levels left.
You knew the following spells:

 Your Spells              Type           Power        Failure   Level  Hunger
a - Shock                 Conj/Air       ####         1%          1    None
b - Swiftness             Chrm/Air       ######..     1%          2    None
c - Static Discharge      Conj/Air       #######.     1%          3    None
d - Airstrike             Air            #######...   1%          4    None
e - Lightning Bolt        Conj/Air       #######...   1%          5    ###....
f - Ozocubu's Armour      Chrm/Ice       ######..     1%          3    None
g - Blink                 Tloc           N/A          6%          2    None
h - Throw Icicle          Conj/Ice       ######..     1%          4    None
i - Conjure Ball Lightni  Conj/Air       #######...   4%          6    #####..


Dungeon Overview and Level Annotations

Branches:
Dungeon (12/15)            Temple (0/1) D:7            Lair (6/6) D:11
  Swamp (0/4) Lair:2       Spider (0/4) Lair:2        Slime (0/5) Lair:6
    Orc (2/2) D:12            Elf (0/3) Orc:2

Altars:
Cheibriados
Hepliaklqana
Kikubaaqudgha
Makhleb
Ru
Jiyva

Shops:
D:10 *   Orc:1 ?   Orc:2 (([*?%?*

Annotations:
Lair:6 1 runed door


Innate Abilities, Weirdness & Mutations

You can walk through water.
Your dull iron-grey scales are very hard. (AC +14)
You cannot fit into any form of body armour.
You can survive without breathing.
You are cold-blooded and may be slowed by cold attacks.
Your life essence is reduced. (-10% HP)
Your skin changes colour to match your surroundings (Stealth+).
You have supernaturally acute eyesight. (SInv)
You are agile. (Dex +2)
Your mind is acute. (Int +2)
You are covered in fur. (AC +1)


Message History

Your icy armour melts away.
* * * LOW HITPOINT WARNING * * *
Onaxys gestures at the fire giant while chanting.
The fire giant resists with almost no effort.
The fire giant hits Onaxys with a great sword of flaming!
As you read the scroll of teleportation, it crumbles to dust.
You feel strangely unstable.
Onaxys gestures at the fire giant while chanting.
The fire giant resists with almost no effort.
The fire giant hits Onaxys with a great sword of flaming!!
The fire giant burns Onaxys.
Onaxys is destroyed!
The fire giant points at you and mumbles some strange words.
The bolt of fire hits you!
* * * LOW HITPOINT WARNING * * *
You see here a +1 buckler.
Your surroundings suddenly seem different.
The fire giant points at you and mumbles some strange words.
The bolt of fire hits you!
You die...

.# #.............# ##
#......####(### # #.......# #.#
# #.[.....# #.# # #.......###.#
# #(#####..##.# ##### # #.#
##.##[# #...## # #.######..#.#
#..[.##
######.#...###.#@#####.#...##
.....#.#.#.#.......C...##...##
####.#...#.#....[....#####...##
#.#...#.#...[.....# ##...##
#.#.#.#.#....[##### ##...##
#.#.#.#.#.....# ##...#
#.#.#.#.#.....####### ##.#.
#.......#.#'#.......# ##(.
###.#.###.#.#######.# #...


You could see a fire giant.

Vanquished Creatures
  Donald (Orc:1)
  2 orc warlords
  The ghost of MDvedh the Bludgeoner, a journeyman BaAr of Okawaru (Orc:2)
  A stone giant (Orc:1)
  A minotaur (Lab)
  10 hydras
  3 centaur warriors
  3 catoblepae (Lair:6)
  A death knight (D:11)
  2 ogre magi (Orc:2)
  15 two-headed ogres
  4 death yaks (Lair:6)
  Nergalle (Orc:2)
  2 deep trolls (Orc:2)
  3 unseen horrors (D:11)
  2 orc knights
  2 ugly things
  2 orc sorcerers
  2 deep elf magi (D:12)
  8 elephants
  5 cyclopes
  3 manticores
  Maurice (Orc:2)
  An ice statue (D:11)
  Psyche (D:11)
  A black mamba (Lair:6)
  3 gargoyles
  6 rime drakes
  3 centaur skeletons
  3 komodo dragons
  5 spiny frogs
  7 ice devils (D:11)
  15 trolls
  A queen bee (shapeshifter) (D:12)
  2 polar bears
  2 hornets (D:12)
  A meliai (D:12)
  Grinder (D:3)
  2 dream sheep (Lair:6)
  17 hippogriffs
  3 slime creatures
  2 redbacks (Lab)
  54 yaks
  8 wyverns
  2 wraiths
  3 steam dragons
  3 vampire mosquitoes (Lair:2)
  4 hungry ghosts
  5 basilisks
  3 wargs
  An acid dragon (D:12)
  Menkaure (D:7)
  13 water moccasins
  Duvessa (D:7)
  23 orc warriors
  2 porcupines
  Purgy (Sewer)
  3 sky beasts
  2 ice beasts
  2 phantoms
  25 ogres
  4 necrophages
  13 wolves
  23 centaurs
  2 big kobolds
  5 crocodiles
  12 bullfrogs
  Dowan (D:7)
  3 hexers
  2 wyvern skeletons (D:11)
  4 scorpions
  29 killer bees
  16 wights
  A troll skeleton (D:8)
  6 howler monkeys
  7 crimson imps
  2 bullfrog zombies
  7 hounds
  2 human zombies (D:8)
  5 jellies
  2 quasits
  3 centaur zombies
  15 orc priests
  18 orc wizards
  2 bullfrog skeletons
  2 gnoll shamans
  2 iguanas
  7 worker ants
  A killer bee zombie (D:7)
  2 hound zombies (D:5)
  2 hound skeletons
  A mummy (D:8)
  2 worker ant zombies
  11 adders
  18 gnolls
  7 shadow imps
  4 ufetubi (D:11)
  2 adder skeletons
  3 worms (D:2)
  2 dart slugs
  8 leopard geckos
  97 orcs
  9 bats
  3 giant cockroaches
  13 goblins
  6 hobgoblins
  15 jackals
  21 kobolds
  9 quokkas
  2 ball pythons
  7 frilled lizards
  9 rats
  2 fungi (Lair:6)
  3 plants
761 creatures vanquished.

Vanquished Creatures (collateral kills)
  Gastronok (Lair:3)
  A hydra (Lair:6)
  A centaur warrior (D:12)
  2 two-headed ogres
  A death yak (Lair:6)
  An orc high priest (Orc:2)
  A skeletal warrior (D:11)
  An orc sorcerer (Orc:1)
  A wolf spider (Lair:2)
  2 ugly things (D:12)
  A manticore (Lair:6)
  2 elephants
  The ghost of grindst0ne the Protected, a novice GrFi (D:4)
  A black mamba (Lair:6)
  A gargoyle (D:11)
  A spiny frog (Lair:1)
  A komodo dragon (Lair:3)
  2 hornets
  2 dream sheep (Lair:6)
  3 slime creatures
  Sigmund (D:2)
  14 yaks
  Eustachio (D:6)
  A basilisk (Lair:2)
  2 wargs (Orc:2)
  6 water moccasins
  4 orc warriors
  An ice beast (D:10)
  2 sky beasts
  An eye of draining (D:11)
  4 wolves
  3 ogres
  5 crocodiles
  A big kobold (D:8)
  A gnoll sergeant (D:10)
  4 bullfrogs
  5 scorpions
  A water moccasin skeleton (D:12)
  7 killer bees
  2 wights
  2 centaur zombies
  2 bullfrog skeletons
  A human zombie (D:8)
  A jelly (D:8)
  An orc priest (D:8)
  5 orc wizards
  A centaur skeleton (D:8)
  4 worker ants
  A mummy (D:8)
  A worker ant zombie (D:8)
  A gnoll (D:10)
  3 adders
  3 shadow imps
  An ufetubus (D:11)
  An adder skeleton (D:4)
  10 orcs
  2 kobolds (D:9)
  3 fungi
136 creatures vanquished.

Vanquished Creatures (others)
  13 ball lightnings
  27 hexers
  7 ancestors
  A bush (D:7)
  14 fungi
  15 plants (Lair:6)
77 creatures vanquished.

Grand Total: 974 creatures vanquished

Notes
Turn   | Place    | Note
-------+----------+-------------------------------------------
     0 | D:1      | Inarius the Draconian Air Elementalist began the quest for the Orb.
     0 | D:1      | Reached XP level 1. HP: 14/14 MP: 3/3
   484 | D:1      | Reached XP level 2. HP: 10/20 MP: 0/5
   488 | D:1      | Learned a level 2 spell: Swiftness
   950 | D:1      | Reached XP level 3. HP: 26/26 MP: 3/6
   955 | D:1      | Learned a level 3 spell: Static Discharge
  1970 | D:2      | Reached skill level 1 in Shields
  2182 | D:2      | Reached XP level 4. HP: 33/33 MP: 2/7
  2358 | D:2      | Noticed Sigmund
  2561 | D:3      | Found a glowing drain.
  2595 | Sewer    | Entered a sewer
  2789 | Sewer    | Noticed Purgy
  2807 | Sewer    | Killed Purgy
  2807 | Sewer    | Reached XP level 5. HP: 10/38 MP: 0/9
  3369 | D:3      | Found a faded altar of an unknown god.
  3426 | D:3      | Noticed Grinder
  3454 | D:3      | Paralysed by Grinder for 5 turns
  3465 | D:3      | Paralysed by Grinder for 3 turns
  3598 | D:3      | Killed Grinder
  3598 | D:3      | Reached skill level 1 in Short Blades
  3598 | D:3      | Reached skill level 3 in Spellcasting
  3598 | D:3      | Reached XP level 6. HP: 11/46 MP: 0/11
  4301 | D:3      | Your scales start taking on a dull iron-grey colour.
  4301 | D:3      | Reached XP level 7. HP: 51/51 MP: 8/12
  4301 | D:3      | Gained mutation: You can survive without breathing. [Grey Draconian growth]
  4557 | D:4      | Noticed grindst0ne's ghost (novice GrFi)
  5665 | D:5      | Entered Level 5 of the Dungeon
  5701 | D:5      | Reached skill level 4 in Spellcasting
  5706 | D:5      | Reached skill level 5 in Conjurations
  5947 | D:5      | Reached XP level 8. HP: 57/58 MP: 7/14
  6090 | D:5      | Learned a level 4 spell: Airstrike
  6096 | D:5      | Learned a level 5 spell: Lightning Bolt
  7476 | D:6      | Reached skill level 5 in Spellcasting
  7498 | D:6      | Reached skill level 1 in Fighting
  7531 | D:6      | Reached skill level 5 in Air Magic
  7757 | D:6      | Found a hazy altar of Hepliaklqana.
  7765 | D:6      | Became a worshipper of Hepliaklqana the Forgotten
  7972 | D:6      | Reached XP level 9. HP: 57/57 MP: 17/17
  8017 | D:6      | Noticed Eustachio
  8037 | D:6      | Killed Eustachio
  8168 | D:6      | Identified the Tome of Transmigration
  8794 | D:2      | Killed Sigmund
  8794 | D:2      | Reached skill level 6 in Spellcasting
  9000 | D:4      | Killed grindst0ne's ghost
  9576 | D:7      | Reached skill level 1 in Invocations
  9675 | D:7      | Reached skill level 7 in Spellcasting
  9959 | D:7      | Noticed Duvessa
  9961 | D:7      | Noticed Menkaure
  9989 | D:7      | Noticed Dowan
 10129 | D:7      | Killed Dowan
 10178 | D:7      | Reached XP level 10. HP: 53/64 MP: 17/21
 10345 | D:7      | Killed Duvessa
 10410 | D:7      | Found a staircase to the Ecumenical Temple.
 10423 | D:7      | Gained mutation: Your muscles are strong. (Str +2) [mutagenic meat]
 10424 | D:7      | Gained mutation: Your tail ends in a poisonous barb. [mutagenic meat]
 10425 | D:7      | Gained mutation: Your spells are a little harder to cast, but a little more powerful. [mutagenic meat]
 10426 | D:7      | Lost mutation: Your muscles are strong. (Str +2) [mutagenic meat]
 10427 | D:7      | Gained mutation: Scrolls take you a little longer to read. [mutagenic meat]
 10428 | D:7      | Gained mutation: You are dopey. (Int -2) [mutagenic meat]
 10467 | D:7      | Killed Menkaure
 10796 | D:7      | Reached * piety under Hepliaklqana
 10891 | D:8      | Noticed a two-headed ogre
 11038 | D:7      | Killed a two-headed ogre
 11038 | D:7      | Reached skill level 8 in Spellcasting
 11170 | D:7      | Learned a level 3 spell: Ozocubu's Armour
 11754 | D:8      | Found an ancient bone altar of Kikubaaqudgha.
 12238 | D:8      | Noticed a two-headed ogre
 12247 | D:8      | Killed a two-headed ogre
 12247 | D:8      | Reached skill level 1 in Ice Magic
 12393 | D:8      | Reached skill level 1 in Charms
 12412 | D:8      | Noticed a two-headed ogre
 12416 | D:8      | Killed a two-headed ogre
 12416 | D:8      | Reached skill level 9 in Spellcasting
 12416 | D:8      | Reached XP level 11. HP: 71/71 MP: 16/24
 12666 | D:8      | Found a snail-covered altar of Cheibriados.
 13460 | D:9      | Noticed a two-headed ogre
 13488 | D:9      | Killed a two-headed ogre
 13675 | D:9      | Reached ** piety under Hepliaklqana
 13676 | D:9      | Remembered your ancestor Onaxys as a hexer
 13814 | D:9      | Noticed a two-headed ogre
 13823 | D:9      | Killed a two-headed ogre
 13823 | D:9      | Reached skill level 5 in Invocations
 14025 | D:9      | Found a sacrificial altar of Ru.
 14029 | D:9      | Noticed a two-headed ogre
 14035 | D:9      | Killed a two-headed ogre
 14612 | D:10     | Entered Level 10 of the Dungeon
 14918 | D:10     | Found Obittuap's General Store.
 14975 | D:10     | Bought a potion of mutation for 88 gold pieces
 14975 | D:10     | Lost mutation: Your tail ends in a poisonous barb. [potion of mutation]
 14975 | D:10     | Lost mutation: You are dopey. (Int -2) [potion of mutation]
 14975 | D:10     | Gained mutation: You are covered in fur. (AC +1) [potion of mutation]
 14975 | D:10     | Gained mutation: Your skin changes colour to match your surroundings (Stealth+). [potion of mutation]
 16009 | D:10     | Found a burning altar of Makhleb.
 16958 | D:11     | Reached XP level 12. HP: 72/79 MP: 25/25
 17126 | D:11     | Reached skill level 10 in Spellcasting
 17298 | D:11     | Noticed a two-headed ogre
 17957 | D:10     | Killed a two-headed ogre
 18214 | D:10     | Noticed a two-headed ogre
 18218 | D:10     | Killed a two-headed ogre
 19430 | D:11     | Reached skill level 5 in Ice Magic
 20295 | D:11     | Noticed a death knight
 21326 | D:11     | Noticed a two-headed ogre
 21340 | D:11     | Killed a two-headed ogre
 21340 | D:11     | Reached skill level 11 in Spellcasting
 21340 | D:11     | Reached XP level 13. HP: 26/83 MP: 8/28
 21815 | D:11     | Found a staircase to the Lair.
 22826 | Lair:1   | Entered Level 1 of the Lair of Beasts
 22844 | Lair:1   | Reached *** piety under Hepliaklqana
 23003 | Lair:1   | Reached skill level 5 in Charms
 23301 | Lair:1   | Learned a level 2 spell: Blink
 23919 | Lair:2   | Found a labyrinth entrance.
 23935 | Lab      | Entered a labyrinth
 24211 | Lab      | Noticed a minotaur
 24217 | Lab      | Killed a minotaur
 24217 | Lab      | Reached skill level 10 in Air Magic
 24242 | Lab      | Got a pair of jewelled boots
 24253 | Lab      | Identified the +1 pair of boots of Lethargy {*Drain +Inv rN+++ Str+4} (You found it in a labyrinth)
 24298 | Lair:2   | Reached **** piety under Hepliaklqana
 24608 | Lair:2   | Found a hole to the Spider Nest.
 24844 | Lair:2   | Found a staircase to the Swamp.
 25190 | Lair:2   | Reached skill level 10 in Conjurations
 26268 | D:10     | Bought a scroll of identify for 22 gold pieces
 26437 | Lair:3   | Noticed Gastronok
 26450 | Lair:3   | Killed Gastronok
 27513 | Lair:4   | Reached ***** piety under Hepliaklqana
 27834 | Lair:3   | Learned a level 4 spell: Throw Icicle
 28829 | Lair:5   | Reached XP level 14. HP: 90/90 MP: 15/29
 29458 | Lair:6   | Entered Level 6 of the Lair of Beasts
 29471 | Lair:6   | Got a steaming long sword
 29541 | Lair:5   | Identified the +10 long sword of Indomitability {slice, *Slow rPois MP+9 Int+5} (You found it on level 6 of the Lair of Beasts)
 30305 | Lair:6   | Found a runed door.
 30306 | Lair:6   | Found a viscous altar of Jiyva.
 30306 | Lair:6   | Found a staircase to the Slime Pits.
 30306 | Lair:6   | Noticed an acid blob
 30306 | Lair:6   | Noticed an acid blob
 31419 | Lair:6   | Reached skill level 12 in Spellcasting
 31458 | Lair:6   | Reached skill level 5 in Dodging
 32564 | Lair:6   | HP: 1/91 [catoblepas (10)]
 32960 | Lair:6   | Identified Biplai's Disquisition on Unstable Transmigration
 32971 | Lair:6   | Identified Sif Muna's Almanac of Harmful Envenoming (You found it on level 6 of the Lair of Beasts)
 32980 | Lair:6   | Learned a level 6 spell: Conjure Ball Lightning
 35074 | D:12     | Found a staircase to the Orcish Mines.
 35168 | D:12     | Reached XP level 15. HP: 96/96 MP: 10/31
 35854 | D:11     | Lost mutation: Scrolls take you a little longer to read. [mutagenic meat]
 36437 | D:12     | Noticed Psyche
 36615 | D:11     | Killed Psyche
 37214 | D:12     | Noticed a tengu reaver
 38021 | D:12     | Noticed a fire giant
 38186 | Orc:1    | Entered Level 1 of the Orcish Mines
 38196 | Orc:1    | Noticed an orc warlord
 38206 | Orc:1    | Killed an orc warlord
 38206 | Orc:1    | Reached skill level 10 in Invocations
 38597 | Orc:1    | Found Loageo Zoduo's Magic Scroll Shoppe.
 38615 | Orc:1    | Bought a scroll of teleportation for 39 gold pieces
 38682 | Orc:2    | Entered Level 2 of the Orcish Mines
 38770 | Orc:2    | Noticed MDvedh's ghost (journeyman BaAr)
 38803 | Orc:2    | Killed MDvedh's ghost
 38978 | Orc:2    | Found Xomufa's Weapon Shop.
 39354 | Orc:1    | Reached skill level 13 in Spellcasting
 39844 | Orc:1    | Noticed Maurice
 39844 | Orc:1    | Noticed Nergalle
 39858 | Orc:2    | Killed Nergalle
 40029 | Orc:2    | Killed Maurice
 40578 | Orc:2    | Found Tufibire's Antique Armour Shop.
 40584 | Orc:2    | Found Buor Cagak's Antique Weapon Shop.
 40588 | Orc:2    | Bought a heavily runed buckler for 342 gold pieces
 40599 | Orc:2    | Identified the +6 buckler of Odul {rCorr Str+6 Dex-5 SInv} (You bought it in a shop on level 2 of the Orcish Mines)
 40637 | Orc:2    | Found Ldekfis's Luxury Loot.
 40858 | Orc:2    | Noticed Donald
 40903 | Orc:1    | Killed Donald
 41941 | Orc:2    | Noticed an orc warlord
 42147 | Orc:2    | Killed an orc warlord
 42944 | Orc:2    | Found a staircase to the Elven Halls.
 43242 | Orc:2    | Found Hutaoq's Magic Scroll Emporium.
 43247 | Orc:2    | Found Niaczatu's Magic Scroll Emporium.
 43248 | Orc:2    | Found Deig's General Store.
 43250 | Orc:2    | Bought a scroll of identify for 24 gold pieces
 43250 | Orc:2    | Bought a scroll of identify for 24 gold pieces
 43260 | Orc:2    | Found Onigew's Food Shoppe.
 43263 | Orc:2    | Bought a scroll of teleportation for 42 gold pieces
 43668 | Orc:1    | Gained mutation: You have supernaturally acute eyesight. (SInv) [mutagenic meat]
 43669 | Orc:1    | Lost mutation: Your spells are a little harder to cast, but a little more powerful. [mutagenic meat]
 43670 | Orc:1    | Gained mutation: Your mind is acute. (Int +2) [mutagenic meat]
 43671 | Orc:1    | Gained mutation: You are agile. (Dex +2) [mutagenic meat]
 43673 | Orc:1    | Gained mutation: You are very agile. (Dex +4) [mutagenic meat]
 43750 | D:12     | Lost mutation: You are very agile. (Dex +4) [mutagenic meat]
 43857 | D:12     | Killed from afar by a fire giant

Skill      XL: |  1  2  3  4  5  6  7  8  9 10 11 12 13 14 15 |
---------------+----------------------------------------------+-----
Dodging        | 2 3 4 5 7 |  7.0
Shields        | 1 2 3 4 |  4.4
Conjurations   | 3 4 5 6 7 8 9 10 11 12 | 12.2
Air Magic      | 4 3 4 5 6 7 8 9 10 11 | 11.6
Short Blades   | 1 |  1.1
Spellcasting   | 3 4 5 7 9 11 12 13 | 13.3
Fighting       | 1 2 3 |  3.4
Invocations    | 2 4 5 7 8 9 10 | 10.0
Ice Magic      | 1 3 5 6 7 8 |  8.6
Charms         | 1 3 4 6 7 8 |  8.2
Stealth        | |  1.8

Action                   |  1- 3 |  4- 6 |  7- 9 | 10-12 | 13-15 || total
-------------------------+-------+-------+-------+-------+-------++-------
Melee: Unarmed           |     5 |       |       |       |       ||     5
       Short sword       |    17 |       |    46 |    31 |       ||    94
       Dagger            |    17 |    40 |    49 |       |       ||   106
       Tailslap          |     1 |     7 |    22 |    29 |    35 ||    94
       Long sword        |       |       |       |    65 |   123 ||   188
       Mace              |       |       |       |    51 |       ||    51
       Staff             |       |       |       |       |    65 ||    65
 Cast: Shock             |    72 |    94 |   245 |   281 |   170 ||   862
       Swiftness         |       |     2 |     5 |     6 |    35 ||    48
       Static Discharge  |       |     4 |    19 |     9 |    35 ||    67
       Airstrike         |       |       |    35 |   282 |   222 ||   539
       Lightning Bolt    |       |       |       |    48 |   442 ||   490
       Ozocubu's Armour  |       |       |       |    11 |    49 ||    60
       Throw Icicle      |       |       |       |       |    18 ||    18
       Conjure Ball Ligh |       |       |       |       |     5 ||     5
       Blink             |       |       |       |       |     1 ||     1
Invok: Ancestor Identity |       |       |     1 |       |       ||     1
       Recall Ancestor   |       |       |       |     1 |     6 ||     7
       Ancestor Life: He |       |       |       |     1 |       ||     1
       Transference      |       |       |       |       |     1 ||     1
Evoke: Wand              |       |       |       |       |     1 ||     1
  Use: Scroll            |       |     1 |    11 |     6 |    12 ||    30
       Potion            |       |     1 |     1 |     9 |     2 ||    13
 Stab: Sleeping          |     2 |       |     1 |       |       ||     3
       Distracted        |       |       |     2 |     2 |     3 ||     7
       Confused          |       |       |       |     2 |     3 ||     5
       Paralysed         |       |       |       |       |    13 ||    13
  Eat: Chunk             |     5 |     8 |    20 |    77 |   103 ||   213
       Bread ration      |       |       |     1 |     2 |       ||     3
       Meat ration       |       |       |       |     1 |     1 ||     2
       Fruit             |       |       |       |       |     4 ||     4
       Royal jelly       |       |       |       |       |     1 ||     1
Armor: Skin              |    25 |    24 |    51 |   110 |   241 ||   451
Dodge: Dodged            |    43 |    73 |    88 |   189 |   337 ||   730
Block: Buckler           |       |       |    28 |    83 |   173 ||   284
       Rpst.: Long sword |       |       |       |    35 |    56 ||    91
